[Event "*** Titled Tuesday Blitz"]
[Site "Chess.com"]
[Date "2020.02.04"]
[Round "1"]
[White "mitrabhaa"]
[Black "TwentyHourADay"]
[Result "0-1"]
[WhiteElo "2559"]
[BlackElo "2239"]
[TimeControl "180+2"]
[EndTime "13:08:59 PST"]
[Termination "TwentyHourADay won by resignation"]

1. d4 Nf6 2. Bg5 d5 3. Nd2 c6 4. e3 Bf5 5. c3 Nbd7 6. Ngf3 e6 7. Nh4 Bg4 8. Qb3 Qb6 9. Bd3 Bh5 10. Bxf6 Nxf6 11.
f4 Bg6 12. Nxg6 hxg6 13. Nf3 Be7 14. Ne5 Nd7 15. O-O Qxb3 16. axb3 a6 17. b4 Rc8 18.
g3 Bd6 19. Nf3 Nf6 20. Kg2 Ke7 21. h3 Nd7 22. g4 f5 23. g5 Kf7 24. h4 Rh7 25.
Rh1 Rch8 26. Kg3 Ke7 27. Nd2 Kd8 28. Nb3 Kc7 29. Rh2 Re8 30. Rah1 Reh8 31. Nd2 Rg8 32.
h5 Rgh8 33. hxg6 Rxh2 34. Rxh2 Rxh2 35. Kxh2 Nf8 36. Be2 Nxg6 37. Bh5 Nxf4 38. Bf3 Nd3+ 39. Kg2 Nxb2 40. Kf2 Na4 41. Nb1 e5 42. Ke1 e4 43.
Bh5 Nb2 44. Nd2 Nd3+ 45. Ke2 f4 46. Nf1 b6 47. Bg6 f3+ 48. Kd2 Nb2 49. Kc2 Nc4 50.
Kb3 b5 51. Kc2 Kb6 52. Be8 Be7 53. g6 Bd6 54. Bd7 Kc7 55. Bg4 a5 56. bxa5 Nxa5 57.
Be6 Nc4 58. Kd1 b4 59. cxb4 Bxb4 60. Bf7 Kd6 61. Bg8 c5 62. dxc5+ Bxc5 63. Ke1 Nxe3 64. Ng3 Ng4 65. Bf7 f2+ 66. Ke2 Ke5 67. Be8 d4 68. Bd7 d3+ 69. Kf1 Nf6 70. Bc6 e3 71. Kg2 e2 0-1

[Event "*** Titled Tuesday Blitz"]
[Site "Chess.com"]
[Date "2020.02.04"]
[Round "1"]
[White "Aygehovit1992"]
[Black "TheBigBadChessDad"]
[Result "1-0"]
[WhiteElo "2645"]
[BlackElo "2314"]
[TimeControl "180+2"]
[EndTime "13:09:00 PST"]
[Termination "Aygehovit1992 won by resignation"]

1. e4 e5 2. Nf3 Nf6 3. Nxe5 d6 4. Nf3 Nxe4 5. d4 d5 6. Bd3 Bd6 7. O-O O-O 8. c4 c6 9. Nc3 Nxc3 10. bxc3 dxc4 11.
Bxc4 Bg4 12. h3 Bh5 13. g4 Bg6 14. Ne5 Bxe5 15. dxe5 b5 16. Qxd8 Rxd8 17. Bb3 Na6 18. f4 Bd3 19. Rf2 Nc5 20. Be3 Ne4 21. e6 fxe6 22.
Bxe6+ Kh8 23. Rb2 Nxc3 24. f5 Bc4 25. Bxc4 bxc4 26. Rc2 Nd5 27. Bg5 c3 28. Bxd8 Rxd8 29. Rd1 Rb8 30. Rxd5 cxd5 31. Rxc3 h6 32. Ra3 Rb7 33.
Kf2 h5 34. Ke3 hxg4 35. hxg4 Kh7 36. g5 Re7+ 37. Kd4 Rf7 38. g6+ 1-0

[Event "*** Titled Tuesday Blitz"]
[Site "Chess.com"]
[Date "2020.02.04"]
[Round "1"]
[White "Shtembuliak"]
[Black "sergeikim"]
[Result "1-0"]
[WhiteElo "2809"]
[BlackElo "2428"]
[TimeControl "180+2"]
[EndTime "13:09:03 PST"]
[Termination "Shtembuliak won by resignation"]

1. c4 Nf6 2. Nc3 g6 3. e4 d6 4. d4 Bg7 5. Nge2 O-O 6. Ng3 e5 7. d5 a5 8. h4 h6 9. h5 g5 10. Be2 Na6 11. Qc2 Nc5 12. Nd1 c6 13.
Ne3 cxd5 14. cxd5 Bd7 15. f3 Rc8 16. Qd1 Qb6 17. Nef5 Rfe8 18. Rb1 Bf8 19. Be3 Qb4+ 20. Qd2 Qb6 21. b3 Nh7 22. O-O f6 23. a3 Qd8 24.
b4 Na4 25. Rfc1 Rxc1+ 26. Rxc1 b5 27. bxa5 Nc5 28. Qb4 Qa8 29. Bxb5 Bxb5 30. Qxb5 Rb8 31. Qc4 Qxa5 32. Bxc5 dxc5 33. d6+ Kh8 34. Qxc5 Qd2 35.
Qc3 Qa2 36. Ra1 Qe6 37. Qd2 Qd7 38. a4 Rb6 39. a5 Ra6 40. Kh1 g4 41. Qd3 Ra7 42.
fxg4 Ng5 43. a6 Ne6 44. Qe3 Nd4 45. Nxd4 exd4 46. Qxd4 Bxd6 47. Qxf6+ Qg7 48. Qxg7+ 1-0

[Event "*** Titled Tuesday Blitz"]
[Site "Chess.com"]
[Date "2020.02.04"]
[Round "1"]
[White "Sutormin_DA"]
[Black "ChessPlayer202202"]
[Result "1-0"]
[WhiteElo "2601"]
[BlackElo "2249"]
[TimeControl "180+2"]
[EndTime "13:09:03 PST"]
[Termination "Sutormin_DA won by resignation"]

1. e4 e5 2. Nf3 Nc6 3. Bb5 a6 4. Ba4 Nf6 5. O-O Be7 6. Re1 b5 7. Bb3 d6 8. d3 O-O 9. a4 Rb8 10. axb5 axb5 11. h3 Nd4 12. Nxd4 exd4 13. f4 c5 14. c3 dxc3 15. Nxc3 b4 16. Nd5 Nxd5 17. Bxd5 Bf6 18. Qb3 Bb7 19. Re2 Qe7 20. Be3 Bxd5 21. Qxd5 Bxb2 22. Rxb2 Qf6 23. d4 Rfc8 24. Rab1 Qe7 25.
e5 dxe5 26. fxe5 c4 27. Qa5 b3 28. Qc3 Qb7 29. Rf1 Qe4 30. Bc1 Rb7 31. Rf4 Qg6 32. d5 Qh5 33. d6 Rb5 34. Rxc4 Re8 35. d7 Qd1+ 36. Kh2 Qxd7 37. Bf4 Qf5 38. Rxb3 Rd5 39. Rb2 Rd1 40. Rd4 Rf1 41. Bg3 Qh5 42. Rg4 Qf5 43. e6 f6 44. Rb7 g6 45. Qc7 1-0

[Event "*** Titled Tuesday Blitz"]
[Site "Chess.com"]
[Date "2020.02.04"]
[Round "1"]
[White "marcodobrikov"]
[Black "Shant_Sargsyan"]
[Result "1-0"]
[WhiteElo "2521"]
[BlackElo "2986"]
[TimeControl "180+2"]
[EndTime "13:09:08 PST"]
[Termination "marcodobrikov won by resignation"]

1. e4 c5 2. Nf3 d6 3. d4 cxd4 4. Nxd4 Nf6 5. Nc3 Nc6 6. Bg5 e6 7. Qd2 a6 8. O-O-O Bd7 9. f4 Be7 10. Nxc6 Bxc6 11. Bd3 h6 12. Bh4 g5 13. fxg5 Nd7 14.
Bc4 Ne5 15. Bb3 hxg5 16. Bg3 Qa5 17. Kb1 b5 18. Rhf1 b4 19. Nd5 exd5 20. exd5 Bb5 21.
Bxe5 dxe5 22. d6 Bxf1 23. dxe7 Bb5 24. Qd5 Rh7 25. Qxa8+ Kxe7 26. Qb7+ Kf8 27. Qb8+ Kg7 28. Qxe5+ f6 29. Qe7+ Kg6 30. Qf8 Qc7 31. Qxb4 Qxh2 32. Qe4+ Kh6 33. g4 f5 34. Qe6+ Kg7 35. Qe7+ Kg6 36.
gxf5+ Kxf5 37. Qe6+ Kf4 38. Rd4+ Kf3 39. Bd5+ Kg3 40.
Qe5+ Kf2 41. Rd2+ Kg1 42. Rxh2 Rxh2 43. Qxg5+ Kf2 44. Qf4+ Kg1 45. Qg3+ 1-0

[Event "*** Titled Tuesday Blitz"]
[Site "Chess.com"]
[Date "2020.02.04"]
[Round "1"]
[White "Roman_Ovetchkin"]
[Black "MFBerna"]
[Result "1-0"]
[WhiteElo "2666"]
[BlackElo "2335"]
[TimeControl "180+2"]
[EndTime "13:09:09 PST"]
[Termination "Roman_Ovetchkin won by resignation"]

1. d4 Nf6 2. c4 e6 3. Nf3 d5 4. g3 Be7 5. Bg2 O-O 6. O-O dxc4 7. Qc2 a6 8. a4 Bd7 9. Bg5 Bc6 10. Bxf6 Bxf6 11. Rd1 b5 12. Nc3 Nd7 13. Ng5 Bxg5 14. Bxc6 Rb8 15. axb5 axb5 16. Nxb5 Nb6 17. Ra7 Qe7 18.
Rxc7 Qb4 19. Ra1 Nd5 20. Bxd5 exd5 21. Nc3 Qxb2 22. Qxb2 Rxb2 23. e3 h5 24. h4 Bh6 25.
Nxd5 Rc2 26. Ra4 Rb8 27. Raxc4 Rb1+ 28. Kg2 Rd2 29. Rc2 Rdd1 30. Ne7+ Kh7 31. Nf5 Rg1+ 32. Kf3 f6 33. Re7 Rgf1 34. d5 Rbd1 35. d6 Kg6 36.
Nxh6 Kxh6 37. d7 Rd6 38. Rc8 Rfd1 39. Rh8+ Kg6 40. Rg8 Kh6 41. Rgxg7 R1d5 42. Kf4 Rxd7 43. Rxd7 Rf5+ 44. Ke4 Re5+ 45. Kd4 Re4+ 46. Kxe4 f5+ 47. Ke5 1-0

[Event "*** Titled Tuesday Blitz"]
[Site "Chess.com"]
[Date "2020.02.04"]
[Round "1"]
[White "vova-79"]
[Black "bascheyaro"]
[Result "1/2-1/2"]
[WhiteElo "2460"]
[BlackElo "2826"]
[TimeControl "180+2"]
[EndTime "13:09:14 PST"]
[Termination "Game drawn by agreement"]

1. d4 d5 2. c4 c6 3. Nc3 Nf6 4. e3 g6 5. Nf3 Bg7 6. Be2 O-O 7.
O-O a6 8. b3 Bg4 9. h3 Bxf3 10.
Bxf3 Re8 11. cxd5 cxd5 12. Bb2 Nc6 13. Na4 e6 14. Rc1 Rc8 15. Nc5 Qc7 16. Qd2 Nd7 17. Nxd7 Qxd7 18. Rc2 Bf8 19. Rfc1 Nb4 20. Rxc8 Rxc8 21.
a3 Rxc1+ 22. Bxc1 Nc6 23. b4 b5 24. Be2 Na7 25. Qc3 Nc8 26. a4 Nb6 27. axb5 axb5 28.
Bd2 Nc4 29. Be1 Qa7 30. g3 Qa2 31. Bf3 Bd6 32. e4 dxe4 33. Bxe4 Bf8 34. d5 Bg7 35. Qc1 Qe2 36. Bg2 Bb2 37. Qb1 Bd4 38. dxe6 Qxe6 39. Qe4 Qb6 40. Qc6 Qb8 41. Qa8 Qxa8 42.
Bxa8 Ne5 43. Kf1 Nd3 44. Bc6 Nxe1 45. Kxe1 Bc3+ 46. Ke2 Bxb4 47. Bxb5 Kg7 48. h4 f5 49. Kf3 Kf6 50. Bd3 Ke5 51. Bb1 Bc5 52. Ba2 Bb6 53. Bg8 Kf6 54. Bc4 h6 55. Bb3 Ke5 56. Bf7 g5 57.
hxg5 hxg5 58. g4 f4 59. Ke2 Kd4 60. f3 1/2-1/2

[Event "*** Titled Tuesday Blitz"]
[Site "Chess.com"]
[Date "2020.02.04"]
[Round "1"]
[White "Chigorinetz"]
[Black "Siemba"]
[Result "1-0"]
[WhiteElo "2566"]
[BlackElo "2198"]
[TimeControl "180+2"]
[EndTime "13:09:15 PST"]
[Termination "Chigorinetz won on time"]

1. e4 c5 2. Nc3 e6 3. Nge2 Nc6 4. g3 d5 5. exd5 exd5 6. d4 cxd4 7. Nxd4 Bc5 8. Be3 Nxd4 9. Bxd4 Qe7+ 10. Be2 Be6 11. O-O Nf6 12. Bb5+ Nd7 13. Re1 Bxd4 14. Qxd4 O-O 15.
Nxd5 Qc5 16. Qxc5 Nxc5 17. Nf4 a6 18. Bf1 Bg4 19. Bg2 a5 20. h3 Bd7 21. Rad1 Bc6 22. Bxc6 bxc6 23. Rd6 Rac8 24. Re3 Rfd8 25. Rxd8+ Rxd8 26. Rc3 Ne4 27. Rxc6 Rd1+ 28. Kg2 g5 29. Nd3 Ra1 30.
a3 Kg7 31. Kf3 Nd2+ 32. Ke2 Ne4 33. Ke3 f5 34. g4 fxg4 35. hxg4 Nf6 36. f3 h5 37. gxh5 Nxh5 38. c4 Nf6 39. c5 Rd1 40. Ke2 Rb1 41. b4 axb4 42. Rc7+ Kg6 43. axb4 Nd5 44. Rb7 Rb3 45. c6 Rc3 46. b5 Rc2+ 47.
Kd1 Ne3+ 48. Ke1 Ng2+ 49. Kf1 Ne3+ 50. Kg1 Rg2+ 51. Kh1 Rd2 52. c7 Rc2 53. Rb6+ Kh5 54. Rc6 1-0

[Event "*** Titled Tuesday Blitz"]
[Site "Chess.com"]
[Date "2020.02.04"]
[Round "1"]
[White "arjwezhrtdrz"]
[Black "DamianoLew95"]
[Result "1/2-1/2"]
[WhiteElo "2251"]
[BlackElo "2583"]
[TimeControl "180+2"]
[EndTime "13:09:19 PST"]
[Termination "Game drawn by repetition"]

1. e4 c5 2. c3 Nf6 3. e5 Nd5 4. Nf3 Nc6 5. d4 cxd4 6. cxd4 d6 7. Bc4 e6 8. O-O Nb6 9. Bb5 Bd7 10. Nc3 Be7 11. Qe2 a6 12. exd6 Bxd6 13. Bd3 Nb4 14.
Ne5 Bxe5 15. dxe5 Bc6 16. Be4 N4d5 17. Nxd5 Bxd5 18. Bxd5 Nxd5 19. Be3 O-O 20. Bc5 Re8 21. Rfd1 Rc8 22. Bd6 Qd7 23. g3 Rc6 24. Rac1 Rec8 25. Rxc6 Qxc6 26. Rd2 h6 27. h4 Qc1+ 28. Kh2 Qc4 29.
Qxc4 Rxc4 30. a3 g5 31. hxg5 hxg5 32. Kg2 g4 33. Kf1 Kg7 34. Ke2 Kg6 35. Kd3 Rc6 36.
Rc2 Rxc2 37. Kxc2 Kf5 38. Kd3 Nb6 39. b3 Nd7 40. Kd4 Kg5 41. a4 Kf5 42. a5 f6 43. exf6 Nxf6 44. Bb8 Nd7 45. Bc7 Kf6 46. b4 Kf5 47. Bd6 Nf6 48. Bb8 Nd5 49. Kc5 Ke4 50. Kd6 Nxb4 51. Kxe6 Nc6 52. Bc7 Kf3 53. Bb6 Nxa5 54.
Bxa5 Kxf2 55. Bc7 a5 56. Kd5 a4 57. Kc4 b5+ 58. Kb4 Kf3 59. Ka3 Kf2 60. Kb4 Kf3 61. Ka3 Kf2 62. Kb4 1/2-1/2

[Event "*** Titled Tuesday Blitz"]
[Site "Chess.com"]
[Date "2020.02.04"]
[Round "1"]
[White "quesfr"]
[Black "Shukh_Nikolay"]
[Result "0-1"]
[WhiteElo "2028"]
[BlackElo "2529"]
[TimeControl "180+2"]
[EndTime "13:09:21 PST"]
[Termination "Shukh_Nikolay won by resignation"]

1. e4 e5 2. Nf3 Nc6 3. Nc3 Nf6 4. d4 Bb4 5. Nxe5 O-O 6. Qd3 Re8 7. Nxc6 dxc6 8. Bd2 Bxc3 9. Bxc3 Nxe4 10. Be2 Bf5 11. Qf3 Nxc3 12. Qxc3 Qd5 13. f3 Rad8 14. Rd1 Qxa2 15.
Kf2 Qe6 16. Rhe1 Qh6 17. Kg1 Re3 18. Qc5 b6 19. Qxf5 Rde8 20. c3 Qh4 21. Qc2 g6 22.
Qd2 h5 23. g3 Qe7 24. Kf2 Qf6 25. f4 g5 26. Bf3 gxf4 27. gxf4 Qh4+ 28. Kg2 Rxe1 29.
Rxe1 Qxe1 30. Qc2 Qe6 31. Qa4 Qg6+ 32. Kf2 a5 33. Bxc6 Re7 34. Bf3 Qf6 35. Qa3 Re6 36.
d5 Rd6 37. Qa4 Qf5 38. Qc4 Rd7 39. Qe2 Kg7 40. Qe3 Kf8 41. b3 Re7 42. Qd4 Kg8 43. d6 cxd6 44. Qxd6 Qc5+ 45. Qxc5 bxc5 46. Bxh5 Re4 47.
Kf3 Re1 48. Kf2 Rc1 49. c4 Rc2+ 50. Kg3 Rc3+ 51. Kg4 Rxb3 52. Kg5 a4 53. Bd1 Rb4 54. Be2 a3 0-1

[Event "*** Titled Tuesday Blitz"]
[Site "Chess.com"]
[Date "2020.02.04"]
[Round "1"]
[White "Pultis"]
[Black "almaguerjm"]
[Result "1-0"]
[WhiteElo "2727"]
[BlackElo "2394"]
[TimeControl "180+2"]
[EndTime "13:09:24 PST"]
[Termination "Pultis won by resignation"]

1. d4 Nf6 2. c4 c5 3. Nf3 g6 4. dxc5 Na6 5. g3 Nxc5 6. Bg2 Bg7 7. O-O O-O 8. Nc3 d6 9. Nd4 Bd7 10. b3 a6 11. Bb2 Qc7 12. Rc1 Bc6 13. Nd5 Bxd5 14.
cxd5 Qb6 15. Rc4 Nfd7 16. f4 a5 17. Kh1 Rac8 18. Qc2 Qa6 19. Rd1 b5 20. Rc3 b4 21.
Rc4 Nb6 22. Nc6 Nxc4 23. Nxe7+ Kh8 24. Bxg7+ Kxg7 25. bxc4 Rce8 26. Nc6 Re3 27. Bf3 Rc3 28. Qb2 Na4 29. Qa1 Qxc4 30. Nxa5 Qc5 31. Nc6 Re8 32. Rb1 Rc8 33. Nxb4 f6 34. Nc6 Nb6 35. Rd1 h5 36.
Nd4 Qxd4 37. Rxd4 Rc1+ 38. Rd1 Rxa1 39. Rxa1 Nc4 40. a4 Nd2 41. a5 Ra8 42. a6 Ra7 43. Ra2 Nb3 44. e3 Nc5 45. Be2 f5 46. Kg2 Kf6 47.
Rb2 Ke7 48. Rb6 Kd7 49. Bb5+ Ke7 50. h3 Ra8 51. g4 hxg4 52. hxg4 Ra7 53. g5 Ra8 54. Kf3 Ra7 55. Ke2 Ra8 56. Kd1 Ra7 57. Kc2 Ra8 58. Kc3 Ra7 59. Kb4 Ra8 60. Ka5 Ra7 61. Rb8 Kf7 62. Kb6 Re7 63. a7 1-0

[Event "*** Titled Tuesday Blitz"]
[Site "Chess.com"]
[Date "2020.02.04"]
[Round "1"]
[White "MathiasWomacka"]
[Black "Miguelito"]
[Result "0-1"]
[WhiteElo "2389"]
[BlackElo "2732"]
[TimeControl "180+2"]
[EndTime "13:09:26 PST"]
[Termination "Miguelito won by resignation"]

1. e4 c5 2. Nf3 Nc6 3. d4 cxd4 4. Nxd4 Nf6 5. Nc3 e5 6. Ndb5 d6 7. Bg5 a6 8. Na3 b5 9. Nd5 Be7 10. Bxf6 Bxf6 11. c3 Rb8 12. Nc2 Bg5 13. a4 bxa4 14.
Ncb4 Nxb4 15. cxb4 a5 16. Qxa4+ Bd7 17. Qxa5 O-O 18. Qxd8 Bxd8 19. Bc4 Bb6 20. Nxb6 Rxb6 21. O-O Rxb4 22. b3 Bb5 23. Rfc1 Bxc4 24. bxc4 Rc8 25.
Ra6 g6 26. Rxd6 Rcxc4 27. Rdd1 Rxc1 28. Rxc1 Rxe4 29. g3 Kg7 30. Kg2 g5 31. Kf3 Rd4 32.
g4 Kg6 33. Rc7 f6 34. Rc6 Rf4+ 35. Kg3 h5 36. h3 Kg7 37. Rc7+ Kg6 38. Rc6 h4+ 39. Kg2 Kf7 40. Ra6 Rd4 41. Rb6 Ke7 42. Ra6 Rd6 43. Ra5 Ke6 44. Kf3 Rd3+ 45. Kg2 Rd6 46. Kf3 Kd7 47. Kg2 Kc6 48. Kf3 Kb6 49. Ra8 Kc5 50. Kg2 Kd4 51. Ra4+ Kd3 52. Ra3+ Kc4 53. Ra8 Rc6 54. Ra7 Kd5 55. Ra5+ Kd4 56. Ra4+ Kd5 57. Ra5+ Ke6 58. Rb5 Rd6 59. Ra5 e4 60.
Rb5 Rd5 61. Rb8 Ke5 62. Re8+ Kf4 63. Rf8 Rd6 64. Rf7 e3 65. fxe3+ Kxe3 66. Ra7 Rd2+ 67. Kg1 Ke4 68. Ra6 Kf4 69. Ra3 Re2 70. Kf1 Re3 71. Ra6 Kg3 72. Rxf6 Rf3+ 73. Rxf3+ Kxf3 0-1

[Event "*** Titled Tuesday Blitz"]
[Site "Chess.com"]
[Date "2020.02.04"]
[Round "1"]
[White "matiss90"]
[Black "politeplayer"]
[Result "1-0"]
[WhiteElo "2554"]
[BlackElo "2141"]
[TimeControl "180+2"]
[EndTime "13:09:26 PST"]
[Termination "matiss90 won by resignation"]

1. e4 c5 2. Nf3 d6 3. d4 cxd4 4. Nxd4 Nf6 5. Nc3 g6 6. Be3 Bg7 7. f3 O-O 8. Bc4 Nc6 9. Qd2 Bd7 10. Bb3 Rc8 11. g4 Nxd4 12. Bxd4 b5 13. h4 b4 14. Nd5 Nxd5 15. Bxg7 Kxg7 16. exd5 h6 17. Qxb4 a5 18. Qd4+ f6 19. O-O-O Rc5 20. c3 Qa8 21. Rde1 Rf7 22. g5 a4 23. Bc2 Qxd5 24. Rxe7 Qxd4 25.
Rxf7+ Kxf7 26. cxd4 Rc4 27. gxh6 Bf5 28. Rh2 Rxd4 29. Bxf5 gxf5 30. Rd2 Rc4+ 31. Kb1 Rxh4 32. Rxd6 Rxh6 33. Rd4 a3 34. bxa3 Rh3 35. f4 Rh2 36.
a4 Ke6 37. a5 Rh7 38. a6 Ra7 39. Ra4 Kd5 40. Kc2 Kc5 41. Ra5+ Kb4 42. Rxf5 Rxa6 43. Kb2 Kc4 44. a3 Kd4 45. Rb5 Ke4 46. f5 Kd4 47.
Kb3 Rc6 48. a4 Rc3+ 49. Kb4 Rc4+ 50. Ka5 Ke4 51. Rb4 Rxb4 52. Kxb4 Kxf5 53. a5 Kg4 54. a6 f5 55. a7 f4 56. a8=Q f3 57. Qg8+ Kh3 58.
Qg1 1-0

[Event "*** Titled Tuesday Blitz"]
[Site "Chess.com"]
[Date "2020.02.04"]
[Round "1"]
[White "Sajkochess"]
[Black "Witik"]
[Result "1/2-1/2"]
[WhiteElo "2301"]
[BlackElo "2620"]
[TimeControl "180+2"]
[EndTime "13:09:27 PST"]
[Termination "Game drawn by agreement"]

1. e4 c6 2. d4 d5 3. Nc3 dxe4 4. Nxe4 Nf6 5. Nxf6+ exf6 6. Bc4 Be7 7. Ne2 O-O 8. O-O Nd7 9. c3 Nb6 10. Bd3 Re8 11.
Qc2 h5 12. Ng3 h4 13. Nf5 h3 14. g3 Bf8 15. Bf4 c5 16. Rfe1 Qd5 17. Ne3 Qc6 18.
d5 Nxd5 19. Nxd5 Qxd5 20. Bh7+ Kh8 21. Be4 Bf5 22. Bxd5 Bxc2 23. Bxb7 Rad8 24. Bc6 Rxe1+ 25. Rxe1 g5 26. Be3 a5 27. f3 Kg7 28. Kf2 c4 29. Be4 Bxe4 30. fxe4 Rb8 31. Re2 Kg6 32. g4 Bd6 33. Kf3 Be5 34. Bd4 a4 35. Rd2 Bf4 36. Be3 Be5 37. Rc2 a3 38. bxa3 Ra8 39.
Bc5 Rd8 40. Bd4 Bxd4 41. cxd4 Rxd4 42. Rc3 Rd2 43. Kg3 Rxa2 44. Kxh3 Rb2 45. Rxc4 Rb3+ 46.
Kg2 Rxa3 47. Rc6 Re3 48. Rc4 Kg7 49. Kf2 Rh3 50. Kg2 Ra3 51. Rc5 Kf8 52. e5 Kg7 53. exf6+ Kxf6 54. Rf5+ Kg6 55. Rf3 1/2-1/2

[Event "*** Titled Tuesday Blitz"]
[Site "Chess.com"]
[Date "2020.02.04"]
[Round "1"]
[White "EugeneRougon"]
[Black "AdrianaNikolova"]
[Result "1-0"]
[WhiteElo "2735"]
[BlackElo "2394"]
[TimeControl "180+2"]
[EndTime "13:09:28 PST"]
[Termination "EugeneRougon won by resignation"]

1. e4 c5 2. Nf3 d6 3. d4 cxd4 4. Nxd4 Nf6 5. Nc3 Nc6 6. Bg5 e6 7. Qd2 a6 8. Nb3 h6 9. Bh4 Bd7 10. Be2 b5 11. a3 Rc8 12. O-O Ne5 13. f4 Nc4 14. Bxc4 bxc4 15. Nd4 Nxe4 16. Qe1 Nf6 17. Ne4 Be7 18. Bxf6 gxf6 19. Rd1 f5 20. Nxf5 exf5 21. Nxd6+ Kf8 22. Nxc8 Qxc8 23. Qc3 Rg8 24. Rf3 Qc5+ 25. Kh1 Bc6 26. Rg3 Qf2 27. Rxg8+ Kxg8 28. Qg3+ Qxg3 29.
hxg3 Be4 30. c3 Bd3 31. Re1 Be4 32. Rd1 a5 33. Rd7 Bc5 34. Kh2 Bd3 35. Rd5 Be3 36. Rxa5 Bc1 37. Rb5 Bc2 38. Rb4 Bb3 39. a4 Bxb2 40.
a5 Bxc3 41. a6 Bd4 42. Rb7 c3 43. Rxb3 c2 44. Rb8+ Kg7 45. Rc8 h5 46. Rxc2 Be3 47.
Rc7 h4 48. a7 hxg3+ 49. Kxg3 Bxa7 50. Rxa7 1-0

[Event "*** Titled Tuesday Blitz"]
[Site "Chess.com"]
[Date "2020.02.04"]
[Round "1"]
[White "Keaton87"]
[Black "SHIVACalypso"]
[Result "0-1"]
[WhiteElo "2555"]
[BlackElo "2223"]
[TimeControl "180+2"]
[EndTime "13:09:39 PST"]
[Termination "SHIVACalypso won on time"]

1. d4 e6 2. e4 d5 3. Nd2 Nf6 4. e5 Nfd7 5. Bd3 c5 6. c3 Nc6 7.
Ne2 cxd4 8. cxd4 f6 9. exf6 Nxf6 10. O-O Bd6 11. Nf3 O-O 12. Bf4 Bxf4 13. Nxf4 Ne4 14. Qc1 Ng5 15. Nxg5 Qxg5 16. Bxh7+ Kxh7 17. Nxe6 Qf5 18. Nxf8+ Qxf8 19. Qe3 Qf6 20. Rad1 Bf5 21. Rfe1 Rf8 22.
a3 Bd7 23. b4 Re8 24. Qd3+ Bf5 25. Qb5 Rxe1+ 26. Rxe1 Qxd4 27. Qxb7 Qd2 28. Ra1 Nd4 29.
Qf7 Bg6 30. Qxa7 Ne2+ 31. Kh1 Nc1 32. f3 Qb2 33. Qe7 Qxa1 34. Qh4+ Kg8 35. Qd8+ Kf7 36. Qxd5+ Kf6 37. Qd6+ Kg5 38. Qe7+ Kh6 39. Qh4+ Bh5 40. Qf4+ g5 41. Qf8+ Qg7 42. Qd6+ Kh7 43. Qd2 Qa1 44. Qd7+ Kh6 45. Qe6+ Bg6 46. Qh3+ Kg7 47. Qd7+ Bf7 48. Qd1 Qc3 49. h4 Nd3 50. Kh2 Qe5+ 51. Kg1 Qe3+ 52.
Kh2 gxh4 53. Qa1+ Kg6 54. Qh8 Qf4+ 55. Kg1 Ne5 56. Qd8 h3 57. Qd6+ Kg7 58. Qd2 Qxd2 0-1

[Event "*** Titled Tuesday Blitz"]
[Site "Chess.com"]
[Date "2020.02.04"]
[Round "1"]
[White "KRASAVCHIK2002"]
[Black "hanzo_hasashi1"]
[Result "1-0"]
[WhiteElo "2506"]
[BlackElo "2902"]
[TimeControl "180+2"]
[EndTime "13:09:40 PST"]
[Termination "KRASAVCHIK2002 won by resignation"]

1. e4 c5 2. Nf3 d6 3. d4 cxd4 4. Nxd4 Nf6 5. Nc3 a6 6. f3 e5 7. Nb3 Be6 8. Be3 h5 9. Qd2 Nbd7 10. Nd5 Bxd5 11. exd5 g6 12. Be2 Qc7 13. Rc1 Bg7 14.
O-O O-O 15. c4 b6 16. Na1 a5 17. Nc2 Nc5 18. b3 Kh7 19. Na3 Ng8 20. Nb5 Qd7 21. Qc2 Bh6 22. Bxh6 Nxh6 23. a3 a4 24. b4 Nb3 25.
Rce1 Nf5 26. Bd3 Nfd4 27. Nxd4 Nxd4 28. Qf2 b5 29. cxb5 Nxb5 30. f4 exf4 31. Qxf4 Nc7 32. Qg5 Rae8 33. Qxh5+ Kg7 34. Qg5 Rxe1 35. Rxe1 Re8 36.
Rxe8 Qxe8 37. Kf2 f6 38. Qe3 Qd7 39. Qa7 Kh6 40. b5 Qd8 41. b6 Nxd5 42. b7 f5 43. b8=Q Qh4+ 44. Kg1 Qe1+ 45. Bf1 Ne3 46. Qh8+ Kg5 47.
Qe7+ Kg4 48. h3+ Kf4 49. Qh6+ 1-0

[Event "*** Titled Tuesday Blitz"]
[Site "Chess.com"]
[Date "2020.02.04"]
[Round "1"]
[White "ehrenfeld"]
[Black "Micki-taryan"]
[Result "0-1"]
[WhiteElo "2507"]
[BlackElo "3006"]
[TimeControl "180+2"]
[EndTime "13:09:45 PST"]
[Termination "Micki-taryan won by checkmate"]

1. e4 c5 2. d3 Nc6 3. f4 d5 4. Be2 Nf6 5. e5 Ng8 6. Nf3 Bg4 7. c3 e6 8. Na3 h5 9. Nc2 Nh6 10. d4 Qb6 11. O-O Be7 12. dxc5 Bxc5+ 13. Kh1 a5 14. Ncd4 Bxf3 15. Nxf3 Nf5 16. Bd3 Nce7 17. g3 g6 18. Kg2 Be3 19. Qa4+ Kf8 20. Qb5 Qxb5 21. Bxb5 h4 22.
Re1 h3+ 23. Kh1 Bf2 24. Re2 Bb6 25.
a4 Kg7 26. Bd2 Nh6 27. Be3 Bxe3 28. Rxe3 Ng4 29. Re2 Nf5 30. Rae1 Rac8 31. Bd3 Ne7 32. Nd4 Nc6 33. Nb5 Nb8 34. Rd2 Nd7 35. Kg1 Nc5 36. Bc2 Rc6 37. Nd4 Rb6 38. Bd1 Nh6 39.
Be2 Nf5 40. Nxf5+ gxf5 41. Bb5 Na6 42. Bxa6 Rxa6 43. Kf2 Rb6 44. Rg1 Rc8 45. g4 fxg4 46. Rxg4+ Kf8 47. f5 exf5 48. Rh4 Ke7 49. Ke3 Rg8 50.
Rxh3 Rg4 51. Rh5 Re4+ 52. Kd3 Rxe5 53. Rf2 Ke6 54. Rh6+ f6 55. Rg2 f4 56. Rg8 Re3+ 57.
Kd4 Re4+ 58. Kc5 Rxb2 59. Re8+ Kf5 60. Rd8 Rc4+ 61. Kxd5 Rc6 62. Rb8 Rd2# 0-1

[Event "*** Titled Tuesday Blitz"]
[Site "Chess.com"]
[Date "2020.02.04"]
[Round "1"]
[White "Kosche007"]
[Black "GianmarcoVaR"]
[Result "0-1"]
[WhiteElo "2297"]
[BlackElo "2633"]
[TimeControl "180+2"]
[EndTime "13:09:47 PST"]
[Termination "GianmarcoVaR won by resignation"]

1. e4 c5 2. Nf3 d6 3. d4 cxd4 4. Nxd4 Nf6 5. Nc3 a6 6. Be2 e5 7. Nb3 Be7 8. Bg5 Be6 9. Bxf6 Bxf6 10. Qd3 Qb6 11. Rd1 Be7 12. Nd5 Bxd5 13. Qxd5 O-O 14. O-O Nd7 15. Qa5 Qc6 16. Bd3 Nf6 17. Nd2 b5 18.
Rfe1 Bd8 19. Qa3 a5 20. Nf1 Bb6 21. Ne3 Bc5 22. Qb3 Rab8 23. c3 b4 24. Qc2 bxc3 25. bxc3 Bxe3 26. Rxe3 a4 27. Ree1 Rfc8 28. Rb1 g6 29. c4 Nd7 30. f3 Nc5 31. Bf1 Ne6 32. Rxb8 Rxb8 33. Rb1 Rxb1 34. Qxb1 Kg7 35. g3 Qc5+ 36.
Kg2 Qe3 37. Qd3 Qxd3 38. Bxd3 Nc5 39. Bc2 Kf6 40. Kf2 Ke6 41. Ke3 f5 42. f4 Kf6 43. h3 exf4+ 44. gxf4 h6 45. exf5 gxf5 46. h4 Kg6 47. Bd1 Kf6 48. Kd4 Ke6 49. Bf3 Kf6 50. Kd5 Ke7 51. Kc6 Ne6 52. Kb5 Nd4+ 53. Kxa4 Nxf3 54.
Kb5 Nxh4 55. a4 Kd7 56. Kb6 Ng6 57. Kb7 Ne7 58. a5 h5 59. a6 Nc6 0-1

[Event "*** Titled Tuesday Blitz"]
[Site "Chess.com"]
[Date "2020.02.04"]
[Round "1"]
[White "Alexander_Moskalenko"]
[Black "kingofthenil"]
[Result "0-1"]
[WhiteElo "2844"]
[BlackElo "2482"]
[TimeControl "180+2"]
[EndTime "13:09:48 PST"]
[Termination "kingofthenil won on time"]

1. c4 e6 2. Nf3 Nf6 3. d4 c5 4. d5 d6 5. Nc3 exd5 6. cxd5 g6 7. e4 Bg7 8. Nd2 O-O 9. Be2 Re8 10. O-O Nbd7 11. Re1 Ne5 12. a4 a6 13. Nf1 Bg4 14. f3 Bc8 15. a5 b5 16. axb6 Qxb6 17. Ne3 Nh5 18. Nc4 Nxc4 19. Bxc4 Be5 20. Ne2 Bxb2 21. Rb1 Bd4+ 22. Qxd4 Qxb1 23. Qc3 Qb4 24. Ba3 Qxc3 25.
Nxc3 Bd7 26. Ra1 f5 27. Kf2 Nf6 28. Ke3 fxe4 29. fxe4 Ng4+ 30. Kd2 Rf8 31. h3 Ne5 32. Be2 Rf2 33. Bc1 Rxg2 34. Ke3 Rg3+ 35. Kd2 Rxh3 36.
Rxa6 Rxa6 37. Bxa6 g5 38. Kc2 g4 39. Bf4 Rf3 40.
Bxe5 dxe5 41. Be2 Rf2 42. Kd2 g3 43. Ke3 Kg7 44. d6 Kg6 45. Nd5 Rf7 46. Bf3 h5 47. Ne7+ Kg5 48. Nf5 Bxf5 49. exf5 Rxf5 50. d7 Rf8 51. Bg2 Rd8 52. Bh3 Kh4 53. Be6 c4 54. Bxc4 Rxd7 55. Kf3 Rd4 56. Be6 Rf4+ 57. Kg2 Rf2+ 58.
Kg1 Kg5 59. Bh3 h4 0-1

[Event "*** Titled Tuesday Blitz"]
[Site "Chess.com"]
[Date "2020.02.04"]
[Round "1"]
[White "lilleper1"]
[Black "goldenspine"]
[Result "1-0"]
[WhiteElo "2687"]
[BlackElo "2354"]
[TimeControl "180+2"]
[EndTime "13:09:52 PST"]
[Termination "lilleper1 won by resignation"]

1. e4 c6 2. d4 d5 3. e5 Bf5 4. Nd2 h6 5. Nb3 e6 6. Nf3 Nd7 7. Be2 Ne7 8. O-O g5 9. Bd2 Bg7 10. a4 O-O 11. Bb4 b6 12. Bd3 Bxd3 13. cxd3 a5 14.
Bd6 Re8 15. Rc1 Rc8 16. Ne1 Nf5 17. Ba3 f6 18. exf6 Bxf6 19. Qg4 Nf8 20. Nf3 Qd7 21. h4 Qg7 22. hxg5 hxg5 23. Rfe1 Nd7 24. Bd6 Nxd6 25.
Rxe6 Rxe6 26. Qxe6+ Qf7 27. Qxd6 g4 28. Ne5 Nxe5 29. dxe5 Bh4 30. g3 Rf8 31. Rc2 Bxg3 32. Qf6 Qxf6 33. exf6 Be5 34. d4 Bxf6 35. Rxc6 Re8 36.
Rxf6 Re2 37. Rxb6 Rxb2 38. Rb5 Kf7 39. Nxa5 Ra2 40. Rb4 Ke6 41. Nc6 Kf5 42. Ne5 Kf4 43. Nd3+ Kf3 44. Ne1+ Ke2 45. Rb1 Rxa4 46. Ng2 Rxd4 47.
Re1+ Kd2 48. Re7 Rc4 49. Rd7 Rc1+ 50. Kh2 Ke2 51. Kg3 Rc3+ 52. Ne3 Rd3 53. Rxd5 Ra3 54. Rf5 Ra1 55. Kxg4 Rg1+ 56. Kh3 Rh1+ 57. Kg2 Rh4 58. Rf3 Rh2+ 59. Kxh2 Kxf3 60. Kg1 Ke2 61. Kg2 1-0